 Dungeon Crawl Stone Soup version 0.30-a0-620-g0e44632947 (webtiles) character file.

Game seed: 3308103980510898684

16 BaabKaare the Caller (level 2, -12/19 HPs)
             Began as a Human Summoner on Jan 10, 2023.
             Was a Follower of Sif Muna.
             Mangled by an iguana (13 damage)
             ... on level 2 of the Dungeon.
             The game lasted 00:04:02 (921 turns).

BaabKaare the Caller (Human Summoner)                Turns: 921, Time: 00:04:02

Health: -12/19     AC:  3    Str:  8    XL:     2   Next: 70%
Magic:  4/5        EV: 12    Int: 15    God:    Sif Muna [*.....]
Gold:   23         SH:  0    Dex: 13    Spells: 2/5 levels left

rFire   . . .      SeeInvis .    f - +0 whip
rCold   . . .      Faith    .    (no shield)
rNeg    . . .      Spirit   .    a - +0 robe
rPois   .          Reflect  .    c - +0 helmet
rElec   .          Harm     .    (no cloak)
rCorr   .          Rampage  .    (no gloves)
Will    .....                    (no boots)
Stlth   ++                       (no amulet)
HPRegen 0.23/turn                (no ring)
MPRegen 0.09/turn                (no ring)

@: no status effects
A: no striking features
a: Renounce Religion, Channel Magic


You were on level 2 of the Dungeon.
You worshipped Sif Muna.
Sif Muna was aware of your devotion.
You visited 1 branch of the dungeon, and saw 2 of its levels.

You collected 23 gold pieces.

Inventory:

Hand Weapons
 d - a +0 dagger
 f - a +0 whip (weapon)
Armour
 a - a +0 robe (worn)
 c - a +0 helmet (worn)
Scrolls
 e - 2 scrolls of identify {unknown}
 i - a scroll of vulnerability {unknown}
Potions
 b - a potion of magic
 g - a potion of heal wounds {unknown}
 h - a potion of resistance {unknown}


   Skills:
 + Level 0.2 Fighting
 + Level 2.1 Dodging
 + Level 2.1 Stealth
 + Level 2.1 Spellcasting
 + Level 4.4 Summonings


You had 2 spell levels left.
You knew the following spells:

 Your Spells              Type           Power      Damage    Failure   Level
a - Summon Small Mammal   Summ           56%        N/A       3%          1
b - Call Imp              Summ           14%        N/A       5%          2

Your spell library contained the following spells:

 Spells                   Type           Power      Damage    Failure   Level
 Call Canine Familiar     Summ           14%        N/A       11%         3
 Summon Guardian Golem    Hex/Summ       8%         N/A       26%         3
 Summon Lightning Spire   Summ/Air       8%         N/A       65%         4


Dungeon Overview and Level Annotations

Branches:
Dungeon (2/15)

Altars:
Sif Muna


Message History

Really walk into that dispersal trap?
You enter a dispersal trap!
You blink.
There is a stone staircase leading down here.
You can't go up here!
You climb downwards.
There is a stone staircase leading up here.
There is a huge open gate here.
An iguana comes into view.
Casting: Call Imp (safe; 5% risk of failure)
Confirm with . or Enter, or press ? or * to list all spells.
Your bat hits the iguana but does no damage.
The iguana hisses angrily.
The iguana bites your bat.
Your bat dies!
Your bat's corpse disappears in a puff of smoke!
Casting: Summon Small Mammal (safe; 3% risk of failure)
Confirm with . or Enter, or press ? or * to list all spells.
The iguana bites you!
Ouch! That really hurt!
You hit the iguana.
The iguana is lightly wounded.
Your bat hits the iguana but does no damage.
The iguana bites you but does no damage.
Your bat hits the iguana but does no damage.
Your bat closely misses the iguana.
Your bat hits the iguana but does no damage.
You hit the iguana but do no damage. The iguana closely misses you.
Your bat barely misses the iguana.
You hit the iguana.
The iguana is lightly wounded.
Your bat hits the iguana. The iguana bites you!
* * * LOW HITPOINT WARNING * * *
Unknown command.
You barely miss the iguana.
The iguana is lightly wounded.
Your bat hits the iguana.
Your bat hits the iguana but does no damage.
Your bat closely misses the iguana.
The iguana bites you!
Ouch! That really hurt!
You die...

#.. ... #.##.##
##.....# #
#.'''''#.#
#.'''''..# ####
#<''_''..# ...
#.'''''..#
###.##.'''''###
#...bl@#....#
.....#.####.......
..# #.. #.#####.
##. #.# # # ## #.#
# .# #


You could see an iguana (ally target) and a friendly bat (summoned).

Vanquished Creatures
  A dart slug (D:2)
  2 ball pythons (D:1)
  A frilled lizard (D:1)
  4 kobolds (D:1)
8 creatures vanquished.

Vanquished Creatures (collateral kills)
  3 ball pythons
  2 hobgoblins (D:1)
  A quokka (D:2)
  A kobold (D:1)
7 creatures vanquished.

Grand Total: 15 creatures vanquished

Notes
Turn   | Place    | Note
-------+----------+-------------------------------------------
     0 | D:1      | BaabKaare the Human Summoner began the quest for the Orb.
     0 | D:1      | Reached XP level 1. HP: 13/13 MP: 3/3
   257 | D:2      | Reached XP level 2. HP: 15/19 MP: 3/5
   271 | D:2      | Found a faded altar of an unknown god.
   279 | D:2      | Prayed at the altar of an unknown god.
   279 | D:2      | Became a worshipper of Sif Muna the Loreminder
   279 | D:2      | Reached * piety under Sif Muna
   540 | D:1      | Learned a level 2 spell: Call Imp
   921 | D:2      | Mangled by an iguana

Illustrated notes

Levels and vault maps discovered:
D:1:      denvon_arrival_waterhouse, layout_rooms, minmay_misc_feat_x,
          serial_bayou_ford_a
D:2:      minmay_spotlight, layout_loops_cross,
          hellmonk_ecumenical_altar_heavens_door, minmay_tiny_reverse_x,
          uniq_crazy_yiuf_cottage, uniq_natasha

Action                   || total
-------------------------++-------
Melee: Dagger            ||     7
       Whip              ||    25
       Unarmed           ||     1
 Cast: Summon Small Mamm ||    10
       Call Imp          ||     3
 Stab: Distracted        ||     1
       Sleeping          ||     1
Armor: Robe              ||     9
Dodge: Dodged            ||    37

Table legend: (Time is in decaauts)
 A = Elapsed time spent in this place.
 B = Non-inter-level travel time spent in this place.
 C = Inter-level travel time spent in this place.
 D = Time resting spent in this place.
 E = Time spent auto-exploring this place.
 F = Levels seen in this place.
 G = Mean time per level.
                   A        B        C        D        E       F      G
               +--------+--------+--------+--------+--------+-----+--------+
         Total |    930 |    888 |     42 |    313 |    175 |   2 |  465.0 |
       Dungeon |    930 |    888 |     42 |    313 |    175 |   2 |  465.0 |
               +--------+--------+--------+--------+--------+-----+--------+

Top non-repeatable levels by time:
     D:1: 837 daAuts
     D:2: 93 daAuts
